 Dungeon Crawl Stone Soup version 0.28-a0-1395-g4f6bc678fa (webtiles) character file.

Game seed: 847276042821993372

310 MacCMillion the Caller (level 6, 24/24 HPs)
             Began as a Felid Summoner on Jan 4, 2022.
             Was an Initiate of Gozag.
             Quit the game on level 4 of the Dungeon.
             The game lasted 00:21:30 (5380 turns).

MacCMillion the Caller (Felid Summoner)             Turns: 5380, Time: 00:21:30

Health: 24/24      AC:  2    Str:  4    XL:     6   Next: 18%
Magic:  14/14      EV: 32    Int: 18    God:    Gozag
Gold:   254        SH:  0    Dex: 17    Spells: 5/14 levels left
                                        Lives:  1   Deaths: 1

rFire   . . .      SeeInvis +   (weapon unavailable)
rCold   . . .      Faith    .   (shield unavailable)
rNeg    . . .      Spirit   .   (armour unavailable)
rPois   .          Reflect  .   (helmet unavailable)
rElec   .          Harm     .   (cloak unavailable)
rCorr   .          Rampage  .   (gloves unavailable)
Will    .....                   (boots unavailable)
Stlth   ++........              b - amulet of the acrobat
HPRegen 0.08/turn               (no ring)
MPRegen 0.14/turn               (no ring)

@: acrobatic, quick
A: very small, claws 1, fangs 3, see invisible, speed 1, shaggy fur 2, stealthy
paws, no weapons or thrown items, no armour, multi-lived
a: Renounce Religion, Potion Petition, Call Merchant, Bribe Branch


You were on level 4 of the Dungeon.
You worshipped Gozag.
Gozag was aware of your devotion.
You visited 2 branches of the dungeon, and saw 6 of its levels.

You collected 299 gold pieces.
You paid 45 gold pieces to Gozag.

Inventory:

Jewellery
 b - an amulet of the acrobat (around neck)
Scrolls
 d - 4 scrolls of identify {unknown}
 e - 3 scrolls of enchant armour {unknown}
 f - a scroll of fear {unknown}
 g - a scroll of noise {unknown}
 h - a scroll of holy word {unknown}
 i - a scroll of immolation {unknown}
 j - a scroll of silence {unknown}
Potions
 a - 4 potions of curing {unknown}
 c - 2 potions of flight {unknown}
 k - a potion of attraction {unknown}
 l - a potion of heal wounds {unknown}


   Skills:
 - Level 2.8 Dodging
 - Level 2.8 Stealth
 + Level 4.7 Spellcasting
 + Level 4.9 Hexes
 + Level 6.2 Summonings


You had 5 spell levels left.
You knew the following spells:

 Your Spells              Type           Power      Damage    Failure   Level
a - Summon Small Mammal   Summ           100%       N/A       1%          1
b - Call Imp              Summ           26%        N/A       1%          2
c - Call Canine Familiar  Summ           26%        N/A       3%          3
d - Summon Guardian Gole  Hex/Summ       24%        N/A       4%          3

Your spell library contained the following spells:

 Spells                   Type           Power      Damage    Failure   Level
 Summon Lightning Spire   Summ/Air       15%        N/A       36%         4


Dungeon Overview and Level Annotations

Branches:
Dungeon (5/15)             Temple (1/1) D:4

Altars:
Ashenzari
Cheibriados
Dithmenos
Fedhas
Gozag
Hepliaklqana
Kikubaaqudgha
Makhleb
Nemelex Xobeh
Okawaru
Qazlal
Ru
Trog
Uskayaw
Vehumet
Wu Jian
Xom
Yredelemnul
Zin
The Shining One

Shops:
D:5 [

Annotations:
D:3 Natasha
D:5 Eustachio


Innate Abilities, Weirdness & Mutations

You have sharp claws.
You have razor-sharp teeth.
You have supernaturally acute eyesight. (SInv)
You cover ground quickly. (Speed+)
You are covered in thick fur. (AC +2)
Your paws help you pounce on unaware monsters.
You are incapable of wielding weapons or throwing items.
You cannot wear armour.
You gain extra lives every three experience levels.


Message History

The centaur shoots an arrow.
The arrow barely misses your rat. The arrow closely misses you.
Unknown command.
You swap places.
Unknown command.
The centaur shoots an arrow.
The arrow closely misses your crimson imp.
The arrow completely misses you.
The centaur shoots an arrow.
The arrow hits your crimson imp!
Unknown command.
The centaur shoots an arrow.
The arrow hits your crimson imp!
Your crimson imp dies!
Your crimson imp disappears in a puff of smoke!
Your magical contamination has completely faded away.
The centaur shoots an arrow.
The arrow hits your hound.
The centaur shoots an arrow.
The arrow barely misses your hound. The arrow completely misses you.
Unknown command.
The centaur shoots an arrow.
The arrow barely misses your hound. The arrow completely misses you.
Unknown command.
The centaur shoots an arrow.
The arrow barely misses your hound. The arrow hits you!
The centaur shoots an arrow.
The arrow hits your hound!
Unknown command.
What are your orders? t - Meow!
Orders for allies: a - Attack new target. r - Retreat! s - Stop attacking. g - Guard the area. f - Follow me.
Anything else - Cancel.
Gang up on whom?
Press: ? - help, Dir - move target, f - centaur
Aim: a centaur, wielding a +0 shortbow and quivering arrows Attack!
Your hound bites the centaur.
The centaur shoots an arrow.
The arrow misses your hound. The arrow hits you!
You die...
Your hound bites the centaur but does no damage.
You are now level 6!
You rejoin the land of the living...
Are you sure you want to abandon this character and quit the game? (Confirm with "yes".)

..#+#+##...........
...............#..
#.................#
#......)..........#
.####................#.
.......###<......#...#.
###......<..........
####....##........#..#.
#.....@###...........c.
#.##....#####...⌠....##
#.##...^....)..........
##'##....####..⌠.>.⌠..##
#.....#+## #.........#
#.....#.# #....⌠....#
#.......# ###.......##
#...###.# #.....c.#.
#...###.# #..)....#.


There were no monsters in sight!

Vanquished Creatures (collateral kills)
  A black bear (D:5)
  An ogre (D:4)
  A phantom (D:5)
  A scorpion (D:5)
  A water moccasin skeleton (D:5)
  A centaur skeleton (D:5)
  A hound (D:5)
  8 gnolls
  5 adders
  An ufetubus (D:5)
  2 worms
  A dart slug (D:2)
  6 orcs
  2 bats
  3 endoplasms
  2 giant cockroaches
  3 hobgoblins
  8 jackals
  2 quokkas (D:2)
  7 ball pythons
  2 goblins
  7 kobolds
  4 rats
70 creatures vanquished.

Vanquished Creatures (others)
  2 fungi (D:4)
  4 plants (D:5)
6 creatures vanquished.

Grand Total: 76 creatures vanquished

Notes
Turn   | Place    | Note
-------+----------+-------------------------------------------
     0 | D:1      | MacCMillion the Felid Summoner began the quest for the Orb.
     0 | D:1      | Reached XP level 1. HP: 7/7 MP: 4/4
   229 | D:1      | Reached XP level 2. HP: 10/11 MP: 0/6
   232 | D:1      | Learned a level 2 spell: Call Imp
   428 | D:1      | Found a faded altar of an unknown god.
  1433 | D:2      | Reached XP level 3. HP: 14/14 MP: 0/8
  1592 | D:1      | Learned a level 3 spell: Call Canine Familiar
  1854 | D:2      | Reached XP level 4. HP: 17/18 MP: 3/9
  2101 | D:2      | Reached skill level 5 in Summonings
  2699 | D:2      | Learned a level 3 spell: Summon Guardian Golem
  2916 | D:3      | Reached skill level 1 in Hexes
  2925 | D:3      | Reached XP level 5. HP: 11/21 MP: 2/11
  2959 | D:3      | Noticed Natasha
  3119 | D:4      | Found a staircase to the Ecumenical Temple.
  3130 | Temple   | Entered the Ecumenical Temple
  3488 | Temple   | Became a worshipper of Gozag Ym Sagoz the Greedy
  3809 | D:4      | Noticed an ogre
  3810 | D:4      | Noticed a centaur
  3820 | D:4      | Killed an ogre
  3829 | D:5      | Entered Level 5 of the Dungeon
  3976 | D:5      | Gained mutation: You are covered in thick fur. (AC +2)
                  | [Felid growth]
  3976 | D:5      | Reached XP level 6. HP: 24/24 MP: 6/13
  4660 | D:5      | Reached skill level 6 in Summonings
  4851 | D:5      | Found Zomaimi's Antique Armour Shop.
  4866 | D:5      | Reached XP level 7. HP: 27/27 MP: 9/14
  5322 | D:5      | Noticed Eustachio
  5376 | D:4      | Shot with an arrow by a centaur
  5377 | D:4      | Reached XP level 6. HP: -2/24 MP: 9/14
  5380 | D:4      | Quit the game

Illustrated notes

Levels and vault maps discovered:
D:1:      dpeg_arrival_rooms_b, layout_loops_corners,
          hellmonk_ecumenical_altar_inner_sanctum
D:2:      layout_basic, minmay_unequal
D:3:      layout_loops_ring, lightli_corner_chamber, uniq_natasha
D:4:      layout_basic, amethyst_overflow_temple_binary, temple_fountains,
          serial_aquarium, aquarium_bridge_square [aquarium_subvault_window,
          aquarium_subvault_wall, aquarium_subvault_balcony,
          aquarium_subvault_bridge], aquarium_window_2, aquarium_window_fake,
          aquarium_view_2a, aquarium_pool_double, kennysheep_generic_room_12
D:5:      cheibrodos_quashed, layout_gridville, serial_shops,
          nicolae_shop_overgrown_old_shop, minivault_25, uniq_eustachio
Temple:   mainiacjoe_temple_cubbyholes

Skill      XL: |  1  2  3  4  5  6 |
---------------+-------------------+-----
Spellcasting   | 3 4 |  4.7
Summonings     | 5 6 |  6.2
Hexes          | 1 3 4 |  4.9
Dodging        | |  2.8
Stealth        | |  2.8

Action                   |  1- 3 |  4- 6 |  7- 9 || total
-------------------------+-------+-------+-------++-------
Melee: Unarmed           |       |     1 |       ||     1
 Cast: Summon Small Mamm |    45 |    14 |     6 ||    65
       Call Imp          |    12 |    22 |     5 ||    39
       Call Canine Famil |     3 |    22 |     4 ||    29
Armor: Skin              |     1 |     1 |     1 ||     3
Dodge: Dodged            |    12 |    32 |     7 ||    51

Table legend: (Time is in decaauts)
 A = Elapsed time spent in this place.
 B = Non-inter-level travel time spent in this place.
 C = Inter-level travel time spent in this place.
 D = Time resting spent in this place.
 E = Time spent auto-exploring this place.
 F = Levels seen in this place.
 G = Mean time per level.
                   A        B        C        D        E       F      G
               +--------+--------+--------+--------+--------+-----+--------+
         Total |   4703 |   4470 |    233 |    411 |   2850 |   6 |  783.8 |
       Dungeon |   4393 |   4210 |    183 |    411 |   2597 |   5 |  878.6 |
        Temple |    310 |    261 |     49 |      0 |    253 |   1 |  310.0 |
               +--------+--------+--------+--------+--------+-----+--------+

Top non-repeatable levels by time:
     D:5: 1365 daAuts
     D:1: 1227 daAuts
     D:2: 1207 daAuts
  Temple: 310 daAuts
     D:3: 300 daAuts
     D:4: 292 daAuts
